 Dungeon Crawl Stone Soup version 0.28-b1-25-g9875b3fc8c (webtiles) character file.

Game seed: 1289956757235733495

16650 adizb the Basher (level 12, -1/78 HPs)
             Began as a Gargoyle Fighter on Feb 2, 2022.
             Was a Priest of Makhleb.
             Killed by divine providence
             ... invoked by an orc high priest
              (12 damage)
             ... on level 1 of the Orcish Mines.
             The game lasted 01:06:53 (9487 turns).

adizb the Basher (Gargoyle Fighter)                 Turns: 9487, Time: 01:06:53

Health: -1/78      AC: 24    Str: 25    XL:     12   Next: 39%
Magic:  14/14      EV:  9    Int:  6    God:    Makhleb [***...]
Gold:   792        SH: 16    Dex: 13    Spells: 11/11 levels left

rFire   + . .      SeeInvis +   o - +11 hand axe "Deazxar" {freeze, rPois Will+++ rCorr Int-3}
rCold   . . .      Faith    .   H - +2 kite shield
rNeg    + . .      Spirit   .   w - +1 ring mail "Cetoe" {-Cast Fly rF+ SInv}
rPois   ∞          Reflect  +   (no helmet)
rElec   +          Harm     .   D - scarf {+Inv}
rCorr   +          Rampage  .   t - +0 pair of gloves
Will    +++..      NoCast   +   q - +0 pair of boots
Stlth   +.........              v - amulet of reflection
HPRegen 0.23/turn               h - +4 ring of protection
MPRegen 0.14/turn               u - +6 ring of dexterity

@: flying
A: sickness immunity, AC +8, negative energy resistance 1, electricity
resistance, torment resistance 1, petrification resistance, clumsy 1
a: Renounce Religion, Evoke Invisibility, Minor Destruction, Lesser Servant of
Makhleb


You were on level 1 of the Orcish Mines.
You worshipped Makhleb.
Makhleb was most pleased with you.
You visited 3 branches of the dungeon, and saw 14 of its levels.
You also visited: Sewer.

You collected 870 gold pieces.
You spent 78 gold pieces at shops.

Inventory:

Hand Weapons
 g - a +2 great mace
 j - a +2 flail of distortion
 o - the +11 hand axe "Deazxar" (weapon) {freeze, rPois Will+++ rCorr Int-3}
   (You found it on level 4 of the Dungeon)

   It freezes those it strikes, dealing additional cold damage.
   It can also slow down cold-blooded creatures.
   Int:       It affects your intelligence (-3).
   rPois:     It protects you from poison.
   rCorr:     It protects you from acid and corrosion.
   Will:      It greatly increases your willpower.
Missiles
 c - 8 poisoned darts (quivered)
Armour
 q - a +0 pair of boots (worn)
 t - a +0 pair of gloves (worn)
 w - the +1 ring mail "Cetoe" (worn) {-Cast Fly rF+ SInv}
   (You found it on level 5 of the Dungeon)

   rF:        It protects you from fire.
   SInv:      It lets you see invisible.
   Fly:       It grants you flight.
   -Cast:     It prevents spellcasting.
 y - a +2 chain mail of fire resistance
 C - a scarf of harm
 D - a scarf of invisibility (worn)
 E - a +0 troll leather armour
 H - a +2 kite shield (worn)
Jewellery
 h - a +4 ring of protection (left hand)
 u - a +6 ring of dexterity (right hand)
 v - an amulet of reflection (around neck)
 I - a ring of flight
Wands
 b - a wand of flame (21)
Scrolls
 d - 5 scrolls of fog
 e - 2 scrolls of amnesia
 f - 2 scrolls of teleportation
 l - 2 scrolls of fear
 m - 5 scrolls of enchant weapon
 A - a scroll of enchant armour
 B - 2 scrolls of summoning
Potions
 a - a potion of attraction {unknown}
 i - 3 potions of flight
 k - 5 potions of curing
 n - 2 potions of haste
 p - a potion of heal wounds {unknown}
 x - a potion of berserk rage
 z - a potion of cancellation
 G - 2 potions of lignification
Miscellaneous
 r - a tin of tremorstones (inert)
 s - a lightning rod (4/4)


   Skills:
 + Level 10.5 Fighting
 - Level 5.9(8.9) Axes
 + Level 11.2(11.9) Maces & Flails
 + Level 10.4 Armour
 + Level 6.1 Shields
 + Level 3.3 Invocations
 + Level 5.9 Evocations


You had 11 spell levels left.
You didn't know any spells.
Your spell library contained the following spells:

 Spells                   Type           Power      Damage    Failure   Level
 Corpse Rot               Necr/Air       0%         N/A       96%         2
 Poisonous Vapours        Pois/Air       0%         N/A       96%         2
 Static Discharge         Conj/Air       0%         N/A       96%         2
 Frozen Ramparts          Ice            0%         1d2       99%         3
 Ignite Poison            Fire/Tmut/Pois 0%         N/A       99%         3
 Inner Flame              Hex/Fire       0%         N/A       99%         3
 Mephitic Cloud           Conj/Pois/Air  0%         N/A       99%         3
 Portal Projectile        Hex/Tloc       0%         N/A       99%         3
 Teleport Other           Tloc           0%         N/A       99%         3
 Cause Fear               Hex            0%         N/A       100%        4
 Hailstorm                Conj/Ice       0%         3d3       100%        4
 Ice Form                 Ice/Tmut       0%         N/A       100%        4
 Summon Ice Beast         Ice/Summ       0%         N/A       100%        4
 Freezing Cloud           Conj/Ice/Air   0%         6-21      100%        5
 Lightning Bolt           Conj/Air       0%         1d11      100%        5
 Simulacrum               Ice/Necr       0%         N/A       100%        6
 Discord                  Hex            0%         N/A       100%        8
 Lehudib's Crystal Spear  Conj/Erth      0%         10d2      100%        8
 Maxwell's Capacitive Co  Air            0%         ∞         100%        8


Dungeon Overview and Level Annotations

Branches:
Dungeon (11/15) Temple (1/1) D:7 Lair (0/6) D:10 Orc (2/2) D:10 Elf (0/3) Orc:1 Orc:2 Sewer (visited)

Altars:
Ashenzari
Cheibriados
Dithmenos
Elyvilon
Fedhas
Gozag
Hepliaklqana
Kikubaaqudgha
Makhleb
Nemelex Xobeh
Okawaru
Qazlal
Ru
Sif Muna
Trog
Uskayaw
Vehumet
Wu Jian
Xom
Yredelemnul
Zin
The Shining One

Shops:
D:9 ?


Innate Abilities, Weirdness & Mutations

You are immune to sickness and miasma.
Your stone body is resilient. (AC +8)
You are immune to poison.
You resist negative energy. (rN+)
You are resistant to electric shocks. (rElec)
You are resistant to unholy torment.
You are immune to petrification.
You are clumsy. (Dex -2)


Message History

Unknown command.
You now have 792 gold pieces (gained 15).
An orc warrior comes into view.
It is wielding a +0 trident and quivering boomerangs of dispersal.
You are too injured to fight recklessly!
An ogre comes into view. It is wielding a +0 giant club.
The ogre shouts!
The orc warrior throws a boomerang of dispersal.
The boomerang of dispersal hits you.
* * * LOW HITPOINT WARNING * * *
You blink.
The ogre moves out of view.
An orc warlord comes into view. It is wielding a +1 glaive of freezing.
Found 11 gold pieces.
An orc high priest comes into view.
It is wielding a +1 long sword of holy wrath.
You slash the orc high priest! You freeze the orc high priest.
The orc high priest is moderately wounded.
The orc high priest calls down the wrath of Beogh upon you.
Beogh smites you!
* * * LOW HITPOINT WARNING * * *
The orc high priest prays.
The orc high priest hits you but does no damage.
You see here a +0 hand axe.
The orc warlord shouts!
There is a stone staircase leading up here.
The orc warlord roars a battlecry!
The orc high priest goes into a battle-frenzy!
The orc high priest hits you but does no damage.
You fly upwards.
There is a stone staircase leading down here.
Okay, then.
You closely miss the orc high priest.
The orc high priest is moderately wounded.
You block the orc high priest's attack.
You slash the orc high priest! You freeze the orc high priest.
The orc high priest is heavily wounded.
The orc high priest hits you but does no damage.
You slash the orc high priest! You freeze the orc high priest.
The orc high priest is severely wounded.
The orc high priest calls down the wrath of Beogh upon you.
Beogh smites you!
You die...

#..'.....[.#......###.#.....##...
...'..###|.#.....###.......###..#
...#..###..#.....##.#.#.........#
...#.......#.................#.#.
...#########...................##
.........................#.......
#.......................##.......
###..........#.o[)......#.###....
##...........##.@......#.........
###.........###[..........#......
.#.....##....#.....#.............
.......##.........##...........##
........##......#.###..........##
....##.###......#######.........#
....#####....#..# ##.#)........##
.#### ##.#.#### #...)........##
## ####.# ##............#


You could see an orc high priest (strong).

Vanquished Creatures
  The ghost of dornbeast the Thaumaturge, a journeyman DjCj of Jiyva (Orc:1)
  Snorg (D:10)
  A hydra (D:10)
  A two-headed ogre (Orc:2)
  2 orc high priests (Orc:2)
  Nergalle (Orc:1)
  The ghost of BeavisTheGrey the Ruffian, a novice TrMo (D:5)
  Pikel (D:8)
  An orc knight (Orc:2)
  2 orc sorcerers (Orc:2)
  A cyclops (Orc:1)
  Maurice (D:9)
  Joseph (D:10)
  A gargoyle (D:9)
  A cane toad (shapeshifter) (D:10)
  A tengu conjurer (D:11)
  A troll (Orc:2)
  A hornet (D:9)
  The ghost of AlmostDecent the Chopper, an amateur FoFi of Qazlal (D:3)
  A slime creature (D:10)
  A wraith (D:10)
  2 shadows (D:10)
  4 yaks
  2 wyverns (D:9)
  Eustachio (D:4)
  4 steam dragons
  A vampire mosquito (D:10)
  2 wargs (Orc:1)
  An acid dragon (D:10)
  12 orc warriors
  An ice beast (D:3)
  3 sky beasts
  A black bear (D:10)
  A necrophage (D:5)
  4 ogres
  A centaur (D:9)
  A lemure (D:8)
  Blork the orc (D:4)
  3 kobold brigands
  4 bullfrogs
  A wyvern zombie (D:8)
  A gnoll sergeant (D:10)
  3 scorpions
  3 water moccasin skeletons
  12 killer bees
  4 howler monkeys
  An electric eel (D:10)
  A centaur zombie (D:9)
  A bullfrog zombie (D:6)
  A jelly (D:8)
  A centaur skeleton (D:7)
  9 orc priests
  A bullfrog skeleton (D:4)
  A gnoll shaman (D:8)
  Jessica (D:3)
  3 iguanas
  12 orc wizards
  Natasha (thrice) (D:3)
  A killer bee zombie (D:6)
  A howler monkey skeleton (D:7)
  10 gnolls
  14 adders
  3 river rats (Sewer)
  2 white imps
  2 adder skeletons (D:4)
  20 orcs
  18 ball pythons
  7 bats
  4 endoplasms (D:1)
  5 giant cockroaches
  5 hobgoblins
  9 jackals
  12 kobolds
  4 quokkas
  7 frilled lizards
  2 goblins (D:1)
  7 rats
264 creatures vanquished.

Vanquished Creatures (others)
  A kobold (Sewer)
  24 fungi
  11 plants
36 creatures vanquished.

Grand Total: 300 creatures vanquished

Notes
Turn   | Place    | Note
-------+----------+-------------------------------------------
     0 | D:1      | adizb the Gargoyle Fighter began the quest for the Orb.
     0 | D:1      | Reached XP level 1. HP: 14/14 MP: 1/1
   199 | D:1      | Reached XP level 2. HP: 12/19 MP: 2/2
   446 | D:1      | Reached XP level 3. HP: 16/23 MP: 3/3
   917 | D:2      | Reached skill level 3 in Maces & Flails
  1066 | D:2      | Reached XP level 4. HP: 20/29 MP: 4/4
  1816 | D:3      | Found a runed translucent door.
  1816 | D:3      | Noticed an ice beast
  1817 | D:3      | Noticed AlmostDecent's ghost (amateur FoFi)
  1852 | D:3      | Noticed Jessica
  1858 | D:3      | Reached XP level 5. HP: 30/33 MP: 5/5
  1868 | D:3      | Killed Jessica
  1936 | D:3      | Noticed Natasha
  1943 | D:3      | Killed Natasha
  1944 | D:3      | Reached skill level 4 in Maces & Flails
  1967 | D:3      | Noticed Natasha
  1990 | D:3      | Killed Natasha
  2082 | D:3      | Noticed Natasha
  2089 | D:3      | Killed Natasha
  2212 | D:3      | Reached XP level 6. HP: 38/39 MP: 6/6
  2414 | D:4      | Identified the +11 hand axe "Deazxar" {freeze, rPois
                  | Will+++ rCorr Int-3}
  2414 | D:4      | Noticed Blork the orc
  2431 | D:4      | Killed Blork the orc
  2453 | D:4      | Noticed Eustachio
  2533 | D:4      | Reached skill level 5 in Maces & Flails
  2539 | D:4      | Noticed a sky beast
  2552 | D:4      | Killed a sky beast
  2553 | D:4      | Reached skill level 5 in Fighting
  2553 | D:4      | Reached skill level 5 in Armour
  2553 | D:4      | Reached XP level 7. HP: 31/44 MP: 7/7
  2592 | D:4      | Killed Eustachio
  2818 | D:4      | Reached skill level 6 in Maces & Flails
  2974 | D:3      | Killed AlmostDecent's ghost
  2975 | D:3      | Reached XP level 8. HP: 36/51 MP: 8/8
  3172 | D:5      | Entered Level 5 of the Dungeon
  3178 | D:5      | Reached skill level 7 in Maces & Flails
  3262 | D:5      | Identified the +1 ring mail "Cetoe" {-Cast Fly rF+ SInv}
  3327 | D:5      | Found a runed translucent door.
  3327 | D:5      | Noticed BeavisTheGrey's ghost (novice TrMo)
  3346 | D:5      | Killed BeavisTheGrey's ghost
  3347 | D:5      | Reached skill level 8 in Maces & Flails
  3347 | D:5      | Reached XP level 9. HP: 44/57 MP: 9/9
  3540 | D:5      | Found a glowing drain.
  3552 | Sewer    | Entered a sewer
  4343 | D:6      | Reached skill level 9 in Maces & Flails
  5001 | D:7      | Reached skill level 1 in Axes
  5001 | D:7      | Reached skill level 1 in Evocations
  5107 | D:7      | Found a staircase to the Ecumenical Temple.
  5117 | Temple   | Entered the Ecumenical Temple
  5463 | Temple   | Became a worshipper of Makhleb the Destroyer
  6061 | D:8      | Reached XP level 10. HP: 46/64 MP: 10/10
  6066 | D:8      | Noticed Pikel
  6084 | D:8      | Killed Pikel
  6189 | D:8      | You are sucked into a shaft and drop 3 floors!
  6428 | D:11     | Reached * piety under Makhleb
  6476 | D:10     | Entered Level 10 of the Dungeon
  6489 | D:9      | Noticed a gargoyle
  6495 | D:9      | Noticed Maurice
  6499 | D:9      | Killed a gargoyle
  6512 | D:9      | Killed Maurice
  6513 | D:9      | Reached skill level 10 in Maces & Flails
  6946 | D:9      | Found Wypeekhla's Magic Scroll Boutique.
  6952 | D:9      | Bought a scroll of identify for 26 gold pieces
  6952 | D:9      | Bought a scroll of identify for 26 gold pieces
  6952 | D:9      | Bought a scroll of identify for 26 gold pieces
  7257 | D:9      | Reached XP level 11. HP: 65/71 MP: 11/11
  7381 | D:10     | Noticed Joseph
  7385 | D:10     | Found a staircase to the Orcish Mines.
  7392 | D:10     | Killed Joseph
  7427 | D:10     | Found a glowing silver altar of Zin.
  7543 | D:10     | Noticed a seven-headed hydra
  7553 | D:10     | Killed an eight-headed hydra
  7553 | D:10     | Reached ** piety under Makhleb
  7967 | D:10     | Noticed Snorg
  7988 | D:10     | Killed Snorg
  7989 | D:10     | Reached skill level 5 in Axes
  7992 | D:10     | Reached skill level 5 in Evocations
  8134 | D:10     | Got the Incunabulum of Damaging Translocation
  8223 | Orc:1    | Entered Level 1 of the Orcish Mines
  8223 | Orc:1    | Noticed a cyclops
  8229 | Orc:1    | Killed a cyclops
  8277 | Orc:1    | Reached skill level 5 in Shields
  8341 | Orc:1    | Noticed Nergalle
  8634 | Orc:1    | Found a runed translucent gate.
  8635 | Orc:1    | Found a runed translucent gate.
  8636 | Orc:1    | Found a runed translucent gate.
  8639 | Orc:1    | Noticed dornbeast's ghost (journeyman DjCj)
  8894 | Orc:1    | Killed Nergalle
  8895 | Orc:1    | Reached skill level 10 in Fighting
  8895 | Orc:1    | Reached skill level 10 in Armour
  8895 | Orc:1    | Reached skill level 1 in Invocations
  9005 | Orc:1    | Killed dornbeast's ghost
  9006 | Orc:1    | Reached XP level 12. HP: 72/77 MP: 13/13
  9022 | Orc:1    | Identified the -2 hat of the Stone Wall {Stlth+}
  9053 | Orc:2    | Entered Level 2 of the Orcish Mines
  9053 | Orc:2    | Noticed a two-headed ogre
  9053 | Orc:2    | Found a staircase to the Elven Halls.
  9060 | Orc:2    | Killed a two-headed ogre
  9096 | Orc:2    | Noticed an orc high priest
  9098 | Orc:2    | Noticed a sun demon
  9362 | Orc:2    | Gained mutation: You are clumsy. (Dex -2) [a neqoxec]
  9363 | Orc:2    | Killed an orc high priest
  9364 | Orc:2    | Reached skill level 11 in Maces & Flails
  9372 | Orc:2    | Noticed an orc high priest
  9381 | Orc:2    | Killed an orc high priest
  9386 | Orc:2    | Reached *** piety under Makhleb
  9465 | Orc:2    | Noticed an orc warlord
  9475 | Orc:2    | Noticed an orc high priest
  9487 | Orc:1    | Killed from afar by an orc high priest

Illustrated notes

Levels and vault maps discovered:
D:1:      beargit_arrival_greenhouse, layout_loops_corners
D:2:      layout_basic, serial_corexii_hall, chequers_hall_statues_wall_a,
          chequers_hall_statues_y, corexii_hall_statues_u
D:3:      layout_rooms, ebering_ghost_inner_flame, minmay_snake_closets,
          uniq_jessica, uniq_natasha
D:4:      layout_loops_cross, uniq_eustachio, uniq_blork_the_orc
D:5:      layout_loops_ring, portal_sewer_entry_b,
          hellmonk_ghost_happy_afterlife
D:6:      layout_basic
D:7:      layout_gridville, minmay_temple_entry_butterflies
D:8:      layout_cave_pools, serial_column_ruins, column_ruins_open_tiny,
          column_ruins_grid_1, column_ruins_open_large,
          column_ruins_open_small_water, column_ruins_columns_straight,
          uniq_pikel
D:9:      layout_cave_pools, serial_shops, kennysheep_little_box,
          minivault_25_ag, uniq_maurice
D:10:     nzn_winding_woodlands_three_and_one
          [nzn_winding_woodlands_5x15_jagged,
          nzn_winding_woodlands_5x15_lazy_stream,
          nzn_winding_woodlands_5x15_river_crossing,
          nzn_winding_woodlands_center_lodge], layout_rooms, old_standard_altar,
          grunt_lair_entry_orc_guard_hut, orc_0_dummy, st_stairs_2, uniq_snorg,
          uniq_joseph
D:11:     layout_roguey, hellmonk_guarded_unrand_gyre_and_gimble
Temple:   mainiacjoe_temple_starburst
Orc:1:    hellmonk_paralyzer, layout_diamond_mine, gammafunk_ghost_split,
          uniq_nergalle
Orc:2:    grunt_orc_gardens, layout_diamond_mine, grunt_orc_garden,
          grunt_orc_garden, grunt_orc_garden, grunt_orc_garden,
          gammafunk_ghost_cemetery, minmay_shop_mayhem

Skill      XL: |  1  2  3  4  5  6  7  8  9 10 11 12 |
---------------+-------------------------------------+-----
Maces & Flails | 3 4 5 6 8 9 10 11 | 11.2
Armour         | 4 5 6 8 9 10 | 10.4
Fighting       | 4 5 6 7 8 9 10 | 10.5
Axes           | 2 4 5 |  5.9
Evocations     | 2 4 5 |  5.9
Shields        | 5 6 |  6.1
Invocations    | 1 3 |  3.3

Action                   |  1- 3 |  4- 6 |  7- 9 | 10-12 || total
-------------------------+-------+-------+-------+-------++-------
Melee: Flail             |   136 |   188 |       |       ||   324
       Hand axe          |       |    23 |   205 |   335 ||   563
Throw: Dart              |       |       |       |     1 ||     1
Invok: Minor Destruction |       |       |       |     1 ||     1
Evoke: Lightning rod     |       |       |       |     4 ||     4
       Wand              |       |       |       |    10 ||    10
       Tin of tremorston |       |       |       |     2 ||     2
  Use: Potion            |     3 |     1 |       |     2 ||     6
       Scroll            |     1 |     2 |     1 |    21 ||    25
Armor: Scale mail        |    81 |   113 |     5 |       ||   199
       Chain mail        |       |       |    22 |       ||    22
       Ring mail         |       |       |    47 |   181 ||   228
Dodge: Dodged            |    77 |   113 |    63 |   119 ||   372
Block: Buckler           |    29 |    40 |    75 |    96 ||   240
       Reflection        |       |       |     1 |    12 ||    13
       Kite shield       |       |       |       |   185 ||   185
